Punishers vs Carnivores
(R1)
Created - 8 mars 2016 at 20:30
Goals
|
| Punishers |
0 |
0 |
2 |
2 |
| Carnivores |
2 |
2 |
2 |
6 |
|
Shots
|
| Punishers |
13 |
6 |
15 |
34 |
| Carnivores |
17 |
7 |
7 |
31 |
|
1st period
1. Carnivores , Bryan Berard 1 (Andy Miele, Joffrey Lupul) at 1:55 (PP)
2. Carnivores , Ryan Keller 2 (Mikael Granlund, Blake Geoffrion) at 12:00 (PP)
Penalties :
Keaton Ellerby (Pro) for Tripping (Minor) at 1:50, Luke Adam (Pro) for Tripping (Minor) at 7:25, Frazer Mclaren (Pro) for Hooking (Minor) at 11:09, Erik Condra (Pro) for Cross-checking (Minor) at 12:40, Éric Perrin (Pro) for Hooking (Minor) at 13:05
2nd period
3. Carnivores , Joffrey Lupul 20 (Bryan Berard, Jeremy Welsh) at 2:31
4. Carnivores , Billy Sweat 4 (Colton Orr, Bobby Sanguinetti) at 4:49
Penalties :
Chris Lawrence (Bre) for Holding (Minor) at 9:20, Radek Smolenak (Pro) for Slashing (Minor) at 12:30, Adam Pineault (Pro) for Roughing (Minor) at 15:50, Luke Adam (Pro) for Holding Stick (Minor) at 18:01
3rd period
5. Carnivores , Andy Miele 28 (Colton Orr) at 5:29 (SH)
6. Punishers , Adam Pineault 31 (Tanner Glass, Justin Falk) at 10:39
7. Punishers , Éric Perrin 35 (Tanner Glass) at 10:51
8. Carnivores , Chris Lawrence 30 (Jeremy Welsh) at 16:18
Penalties :
Mike Blunden (Pro) for Hooking (Minor) at 1:23, Mikael Granlund (Bre) for High sticking (Minor) at 5:09, Andy Miele (Bre) for Fighting (Major) at 17:48, Simon Despres (Pro) for Fighting (Major) at 17:48
Goalie Stats
Kevin Poulin (Pro), 25 saves from 31 shots - (0,806), L, 20-19-6, 60:00 minutes
Steve Mason (Bre), 32 saves from 34 shots - (0,941), W, 10-7-3, 60:00 minutes
Players Stats for Punishers
Player Name G A P +/- PIM S H SB GA TA FO MP PP MP PK MP
------------------------------------------------------------------------------------
Adam Pineault 1 0 1 1 2 2 0 0 0 0 0/0 18:31 2:17 2:54
Casey Cizikas 0 0 0 0 0 2 0 0 0 1 6/15 13:37 0:00 0:23
Éric Perrin 1 0 1 1 2 6 2 0 2 1 13/28 22:14 2:17 6:21
Erik Condra 0 0 0 0 2 3 4 0 1 0 0/0 14:26 1:41 0:03
Frazer Mclaren 0 0 0 0 2 1 1 1 0 0 1/1 12:47 0:00 2:50
Jean-François Jacques 0 0 0 0 0 0 0 0 0 0 0/0 2:24 0:06 1:29
Justin Falk 0 1 1 -1 0 3 1 2 1 1 0/0 29:46 2:12 7:28
Keaton Ellerby 0 0 0 -1 2 2 1 1 1 3 0/0 34:08 2:39 7:46
Kris Chucko 0 0 0 0 0 4 3 0 0 0 0/2 18:55 1:41 3:34
Luke Adam 0 0 0 0 4 1 0 0 0 0 5/8 10:43 0:00 0:00
Matt Mackenzie 0 0 0 -1 0 0 0 1 0 0 0/0 9:15 0:27 0:18
Michael Ferland 0 0 0 0 0 0 0 0 0 0 0/0 0:00 0:00 0:00
Mike Blunden 0 0 0 0 2 0 0 0 0 0 0/0 10:24 0:00 0:00
Mike Sauer 0 0 0 -1 0 0 2 0 0 0 0/0 24:25 1:19 5:29
Petteri Nokelainen 0 0 0 -3 0 0 0 0 0 1 0/6 7:18 1:41 0:00
Radek Smolenak 0 0 0 -3 2 1 0 0 0 0 0/1 6:02 0:00 0:00
Simon Despres 0 0 0 0 5 1 2 0 1 1 0/0 22:20 1:19 5:29
Tanner Glass 0 2 2 -2 0 8 2 1 0 0 5/12 27:46 2:11 7:21
Players Stats for Carnivores
Player Name G A P +/- PIM S H SB GA TA FO MP PP MP PK MP
------------------------------------------------------------------------------------
Adam Almquist 0 0 0 1 0 0 0 0 0 0 0/0 4:42 0:00 0:00
Andy Miele 1 1 2 0 5 9 0 0 0 2 26/38 23:53 7:27 2:29
Anton Gustafsson 0 0 0 1 0 0 1 0 0 0 4/7 10:14 0:00 0:00
Billy Sweat 1 0 1 1 0 1 1 0 0 0 0/0 5:57 0:00 0:00
Blake Geoffrion 0 1 1 0 0 0 2 0 0 1 0/0 17:30 5:48 0:15
Bobby Sanguinetti 0 1 1 -2 0 2 2 1 1 0 0/0 17:49 5:31 0:00
Brendan Gallagher 0 0 0 -1 0 1 0 0 0 0 1/3 22:31 7:27 0:00
Bryan Berard 1 1 2 2 0 2 3 0 1 1 0/0 24:56 7:39 0:00
Chris Butler 0 0 0 1 0 0 0 0 0 0 0/0 6:26 0:00 1:28
Chris Lawrence 1 0 1 1 2 1 1 0 1 0 0/0 10:43 0:00 0:30
Colton Orr 0 2 2 2 0 0 0 1 0 0 1/1 8:25 0:00 2:28
Frederic St-Denis 0 0 0 0 0 1 1 0 0 0 0/0 7:25 0:00 0:00
Jeremy Welsh 0 2 2 1 0 0 2 0 1 0 3/5 12:08 0:00 0:43
Joffrey Lupul 1 1 2 -1 0 5 2 0 1 1 1/2 23:54 7:27 1:18
John Moore 0 0 0 3 0 0 0 4 0 0 0/0 28:15 7:39 2:30
Mikael Granlund 0 1 1 0 2 2 0 0 0 0 7/15 17:32 5:48 0:13
Patrick McNeill 0 0 0 0 0 0 0 0 0 0 0/0 0:05 0:05 0:00
Phil Oreskovic 0 0 0 0 0 1 2 3 0 0 0/0 15:25 5:36 1:28
Ryan Keller 1 0 1 0 0 4 2 0 3 0 0/0 17:15 5:48 0:00
Sasha Pokulok 0 0 0 -1 0 0 0 1 0 1 0/0 14:57 0:00 2:30
Zack Smith 0 0 0 1 0 2 1 0 0 0 0/2 5:57 0:00 0:00
3 Stars
1 - Bryan Berard (Bre)
2 - Colton Orr (Bre)
3 - Jeremy Welsh (Bre)
Power Play
Punishers - 0 on 2 Attempt(s) - 0,00%
Carnivores - 2 on 9 Attempt(s) - 22,22%
Penalty Kill
Punishers - 7 on 9 Attempt(s) - 77,78%
- Score 0 goal in Penalty Kill
Carnivores - 2 on 2 Attempt(s) - 100,00%
- Score 1 goal in Penalty Kill
Team Stat
Punishers - Hits : 18 - Faceoff Wins : 30 - Blocked Shots : 6 - Penalty Minutes : 23
Carnivores - Hits : 20 - Faceoff Wins : 43 - Blocked Shots : 10 - Penalty Minutes : 9
Official
Referees : Kozari Steve and Dwyer Gord
Linesman : Brad Kovachik and Andy McElman
Game Notes
Andy Miele and Simon Despres fight to a draw at 17:48 of 3rd period
Finance
Level 1 -- Attendance: 1544 (77,20%) -- Ticket Income 61 760 $
Level 2 -- Attendance: 679 (67,90%) -- Ticket Income 13 580 $
Total Attendance: 2223 (74,10%)
Total Ticket Income: 75 340 $
Other Income: 3 767 $
Total Income: 79 107 $
Punishers
5 vs 5 Forward
Center Left Wing Right Wing Time % Phy DF OF
1 Éric Perrin Tanner Glass Adam Pineault 40 1 2 2
2 Casey Cizikas Kris Chucko Erik Condra 30 1 2 2
3 Luke Adam Frazer Mclaren Mike Blunden 20 1 2 2
4 Petteri Nokelainen Radek Smolenak Tanner Glass 10 1 2 2
5 vs 5 Defense
Defense Defense Time % Phy DF OF
1 Keaton Ellerby Justin Falk 40 1 2 2
2 Mike Sauer Simon Despres 30 1 2 2
3 Matt Mackenzie Keaton Ellerby 20 1 2 2
4 Justin Falk Mike Sauer 10 1 2 2
PowerPlay Forward
Center Left Wing Right Wing Time % Phy DF OF
1 Éric Perrin Tanner Glass Adam Pineault 60 1 2 2
2 Petteri Nokelainen Kris Chucko Erik Condra 40 1 2 2
PowerPlay Defense
Defense Defense Time % Phy DF OF
1 Keaton Ellerby Justin Falk 60 1 2 2
2 Mike Sauer Simon Despres 40 1 2 2
Penalty Kill 4 Players Forward
Center Wing Time % Phy DF OF
1 Tanner Glass Éric Perrin 60 1 2 2
2 Kris Chucko Adam Pineault 40 1 2 2
Penalty Kill 4 Players Defense
Defense Defense Time % Phy DF OF
1 Keaton Ellerby Justin Falk 60 1 2 2
2 Mike Sauer Simon Despres 40 1 2 2
Penalty Kill - 3 Players Forward
Forward Time % Phy DF OF
1 Tanner Glass 60 1 2 2
2 Éric Perrin 40 1 2 2
Penalty Kill - 3 Players Defense
Defense Defense Time % Phy DF OF
1 Keaton Ellerby Justin Falk 60 1 2 2
2 Mike Sauer Simon Despres 40 1 2 2
4 vs 4 Forward
Center Wing Time % Phy DF OF
1 Tanner Glass Éric Perrin 60 1 2 2
2 Kris Chucko Adam Pineault 40 1 2 2
4 vs 4 Defense
Defense Defense Time % Phy DF OF
1 Keaton Ellerby Justin Falk 60 1 2 2
2 Mike Sauer Simon Despres 40 1 2 2
Last Minutes Offensive
Center Left Wing Right Wing Defense Defense
Éric Perrin Tanner Glass Adam Pineault Keaton Ellerby Justin Falk
Last Minutes Defensive
Center Left Wing Right Wing Defense Defense
Éric Perrin Tanner Glass Adam Pineault Keaton Ellerby Justin Falk
Goaltenders
Starting : Kevin Poulin
Backup : Niklas Svedberg
Extra Forwards
Normal : Jean-François Jacques, Michael Ferland, Frazer Mclaren - PP : Jean-François Jacques, Michael Ferland - PK : Frazer Mclaren
Extra Defensemen
Normal : Matt Mackenzie, Simon Despres, Keaton Ellerby - PP : Matt Mackenzie - PK : Simon Despres, Keaton Ellerby
Penalty Shots
Tanner Glass, Éric Perrin, Kris Chucko, Adam Pineault, Erik Condra
Carnivores
5 vs 5 Forward
Center Left Wing Right Wing Time % Phy DF OF
1 Andy Miele Joffrey Lupul Brendan Gallagher 40 1 2 2
2 Mikael Granlund Blake Geoffrion Ryan Keller 30 1 2 2
3 Anton Gustafsson Jeremy Welsh Chris Lawrence 20 1 2 2
4 Zack Smith Billy Sweat Colton Orr 10 2 2 1
5 vs 5 Defense
Defense Defense Time % Phy DF OF
1 Bryan Berard John Moore 40 1 2 2
2 Bobby Sanguinetti Sasha Pokulok 30 1 2 2
3 Phil Oreskovic Frederic St-Denis 20 1 2 2
4 Adam Almquist Chris Butler 10 1 2 2
PowerPlay Forward
Center Left Wing Right Wing Time % Phy DF OF
1 Andy Miele Joffrey Lupul Brendan Gallagher 60 1 2 2
2 Mikael Granlund Blake Geoffrion Ryan Keller 40 1 2 2
PowerPlay Defense
Defense Defense Time % Phy DF OF
1 Bryan Berard John Moore 60 1 2 2
2 Bobby Sanguinetti Phil Oreskovic 40 1 2 2
Penalty Kill 4 Players Forward
Center Wing Time % Phy DF OF
1 Andy Miele Colton Orr 60 1 2 2
2 Joffrey Lupul Chris Lawrence 40 1 2 2
Penalty Kill 4 Players Defense
Defense Defense Time % Phy DF OF
1 John Moore Sasha Pokulok 60 1 2 2
2 Phil Oreskovic Chris Butler 40 1 2 2
Penalty Kill - 3 Players Forward
Forward Time % Phy DF OF
1 Andy Miele 60 1 2 2
2 Chris Lawrence 40 1 2 2
Penalty Kill - 3 Players Defense
Defense Defense Time % Phy DF OF
1 John Moore Sasha Pokulok 60 1 2 2
2 Phil Oreskovic Chris Butler 40 1 2 2
4 vs 4 Forward
Center Wing Time % Phy DF OF
1 Andy Miele Brendan Gallagher 60 1 2 2
2 Mikael Granlund Joffrey Lupul 40 1 2 2
4 vs 4 Defense
Defense Defense Time % Phy DF OF
1 John Moore Bryan Berard 60 1 2 2
2 Phil Oreskovic Bobby Sanguinetti 40 1 2 2
Last Minutes Offensive
Center Left Wing Right Wing Defense Defense
Andy Miele Blake Geoffrion Brendan Gallagher Bryan Berard John Moore
Last Minutes Defensive
Center Left Wing Right Wing Defense Defense
Andy Miele Blake Geoffrion Brendan Gallagher Bryan Berard John Moore
Goaltenders
Starting : Steve Mason
Backup : Antti Raanta
Extra Forwards
Normal : Jeremy Welsh, Billy Sweat, Anton Gustafsson - PP : Jeremy Welsh, Billy Sweat - PK : Jeremy Welsh
Extra Defensemen
Normal : Patrick McNeill, Frederic St-Denis, Phil Oreskovic - PP : Patrick McNeill - PK : Frederic St-Denis, Phil Oreskovic
Penalty Shots
Andy Miele, Colton Orr, Joffrey Lupul, Chris Lawrence, Blake Geoffrion
% Time on Ice - Punishers
Lines # - Real PCT - Wanted PCT - Time Play
Normal Forward
1 - 32% - 40% - 13:36
2 - 32% - 30% - 13:40
3 - 23% - 20% - 9:58
4 - 13% - 10% - 5:33
Normal Defense
1 - 41% - 40% - 17:43
2 - 35% - 30% - 14:58
3 - 17% - 20% - 7:23
4 - 6% - 10% - 2:43
PP Forward
1 - 58% - 60% - 2:17
2 - 42% - 40% - 1:41
PP Defense
1 - 67% - 60% - 2:39
2 - 33% - 40% - 1:19
PK Forward
1 - 69% - 60% - 8:07
2 - 31% - 40% - 3:34
PK Defense
1 - 58% - 60% - 6:46
2 - 42% - 40% - 4:55
PK3 Forward
1 - 56% - 60% - 0:53
2 - 44% - 40% - 0:41
PK3 Defense
1 - 64% - 60% - 1:00
2 - 36% - 40% - 0:34
44 Forward
1 - 0% - 60%
2 - 0% - 40%
44 Defense
1 - 0% - 60%
2 - 0% - 40%
Last Minute Offensive - 0:00
Last Minute Defensive - 0:00
Total
Forward - 60:00
Defense - 60:00
|
% Time on Ice - Carnivores
Lines # - Real PCT - Wanted PCT - Time Play
Normal Forward
1 - 35% - 40% - 15:09
2 - 27% - 30% - 11:27
3 - 24% - 20% - 10:14
4 - 14% - 10% - 5:57
Normal Defense
1 - 42% - 40% - 18:06
2 - 29% - 30% - 12:34
3 - 17% - 20% - 7:25
4 - 11% - 10% - 4:42
PP Forward
1 - 56% - 60% - 7:27
2 - 44% - 40% - 5:48
PP Defense
1 - 58% - 60% - 7:39
2 - 42% - 40% - 5:36
PK Forward
1 - 79% - 60% - 3:07
2 - 21% - 40% - 0:51
PK Defense
1 - 63% - 60% - 2:30
2 - 37% - 40% - 1:28
PK3 Forward
1 - 0% - 60%
2 - 0% - 40%
PK3 Defense
1 - 0% - 60%
2 - 0% - 40%
44 Forward
1 - 0% - 60%
2 - 0% - 40%
44 Defense
1 - 0% - 60%
2 - 0% - 40%
Last Minute Offensive - 0:00
Last Minute Defensive - 0:00
Total
Forward - 60:00
Defense - 60:00
|
Play by Play
1st period
0:01 of 1st period - Andy Miele wins face-off versus Éric Perrin in neutral zone.
0:12 of 1st period - Wrist shot by Andy Miele.
0:12 of 1st period - Stopped by Kevin Poulin with a rebound.
0:14 of 1st period - Snap shot by John Moore.
0:14 of 1st period - Deflect By Brendan Gallagher.
0:14 of 1st period - Stopped by Kevin Poulin without a rebound.
0:15 of 1st period - Mikael Granlund wins face-off versus Casey Cizikas in Punishers zone.
0:19 of 1st period - Icing by Mike Sauer.
0:20 of 1st period - Casey Cizikas wins face-off versus Mikael Granlund in Punishers zone.
0:20 of 1st period - Casey Cizikas is hit by Ryan Keller.
0:30 of 1st period - Wrist shot by Casey Cizikas.
0:30 of 1st period - Shot Misses the Net.
0:32 of 1st period - Wrist shot by Erik Condra.
0:32 of 1st period - Stopped by Steve Mason without a rebound.
0:33 of 1st period - Luke Adam wins face-off versus Anton Gustafsson in Carnivores zone.
1:00 of 1st period - Keaton Ellerby is hit by Frederic St-Denis and loses puck.
1:27 of 1st period - Snap shot by Erik Condra.
1:27 of 1st period - Shot Misses the Net.
1:50 of 1st period - Minor Penalty to Keaton Ellerby for Tripping.
1:51 of 1st period - Andy Miele wins face-off versus Tanner Glass in Punishers zone.
1:53 of 1st period - Wrist shot by Andy Miele.
1:53 of 1st period - Shot Misses the Net.
1:55 of 1st period - Slapshot by Bryan Berard.
1:55 of 1st period - Deflect By Mike Sauer.
1:55 of 1st period - Goal by Bryan Berard - Punishers : 0 - Carnivores : 1.
1:56 of 1st period - Andy Miele wins face-off versus Éric Perrin in neutral zone.
2:23 of 1st period - Mike Blunden is hit by Jeremy Welsh and loses puck.
2:52 of 1st period - Wrist shot by Erik Condra.
2:52 of 1st period - Stopped by Steve Mason without a rebound.
2:53 of 1st period - Andy Miele wins face-off versus Casey Cizikas in Carnivores zone.
2:53 of 1st period - Andy Miele is hit by Erik Condra.
3:17 of 1st period - Blake Geoffrion is hit by Kris Chucko and loses puck.
3:23 of 1st period - Sasha Pokulok is hit by Simon Despres and loses puck.
4:02 of 1st period - Mike Sauer is hit by Zack Smith and loses puck.
4:17 of 1st period - Wrist shot by Radek Smolenak.
4:17 of 1st period - Stopped by Steve Mason without a rebound.
4:18 of 1st period - Andy Miele wins face-off versus Radek Smolenak in Carnivores zone.
4:25 of 1st period - Slapshot by Bobby Sanguinetti.
4:25 of 1st period - Stopped by Kevin Poulin without a rebound.
4:26 of 1st period - Andy Miele wins face-off versus Éric Perrin in Punishers zone.
4:27 of 1st period - Wrist shot by Joffrey Lupul.
4:27 of 1st period - Stopped by Kevin Poulin with a rebound.
4:29 of 1st period - Slapshot by Bobby Sanguinetti.
4:29 of 1st period - Shot Misses the Net.
4:31 of 1st period - Wrist shot by Joffrey Lupul.
4:31 of 1st period - Stopped by Kevin Poulin without a rebound.
4:32 of 1st period - Éric Perrin wins face-off versus Andy Miele in Punishers zone.
4:37 of 1st period - Snap shot by Éric Perrin.
4:37 of 1st period - Stopped by Steve Mason without a rebound.
4:38 of 1st period - Éric Perrin wins face-off versus Mikael Granlund in Carnivores zone.
5:33 of 1st period - Chris Lawrence is hit by Mike Sauer.
6:35 of 1st period - Snap shot by Mike Blunden.
6:35 of 1st period - Shot Blocked by Sasha Pokulok.
6:37 of 1st period - Snap shot by Simon Despres.
6:37 of 1st period - Shot Hit the Post.
7:25 of 1st period - Minor Penalty to Luke Adam for Tripping.
7:26 of 1st period - Andy Miele wins face-off versus Tanner Glass in Punishers zone.
7:39 of 1st period - Slapshot by Brendan Gallagher.
7:39 of 1st period - Shot Misses the Net.
7:41 of 1st period - Slapshot by John Moore.
7:41 of 1st period - Shot Misses the Net.
9:25 of 1st period - Penalty to Luke Adam is over, Luke Adam is back on ice.
9:57 of 1st period - Slapshot by Adam Pineault.
9:57 of 1st period - Shot Misses the Net.
9:59 of 1st period - Slapshot by Justin Falk.
9:59 of 1st period - Stopped by Steve Mason without a rebound.
10:00 of 1st period - Colton Orr wins face-off versus Petteri Nokelainen in Carnivores zone.
10:05 of 1st period - Wrist shot by Billy Sweat.
10:05 of 1st period - Shot Blocked by Tanner Glass.
10:07 of 1st period - Slapshot by Zack Smith.
10:07 of 1st period - Stopped by Kevin Poulin with a rebound.
10:09 of 1st period - Wrist shot by Colton Orr.
10:09 of 1st period - Shot Misses the Net.
10:11 of 1st period - Slapshot by Frederic St-Denis.
10:11 of 1st period - Stopped by Kevin Poulin with a rebound.
10:25 of 1st period - Petteri Nokelainen is hit by Phil Oreskovic and loses puck.
10:32 of 1st period - Slapshot by Mikael Granlund.
10:32 of 1st period - Stopped by Kevin Poulin with a rebound.
10:39 of 1st period - Icing by Matt Mackenzie.
10:40 of 1st period - Brendan Gallagher wins face-off versus Petteri Nokelainen in Punishers zone.
10:43 of 1st period - Wrist shot by Joffrey Lupul.
10:43 of 1st period - Stopped by Kevin Poulin with a rebound.
10:45 of 1st period - Slapshot by Andy Miele.
10:45 of 1st period - Stopped by Kevin Poulin with a rebound.
10:47 of 1st period - Slapshot by Joffrey Lupul.
10:47 of 1st period - Stopped by Kevin Poulin without a rebound.
10:48 of 1st period - Casey Cizikas wins face-off versus Andy Miele in Punishers zone.
11:04 of 1st period - Snap shot by Andy Miele.
11:04 of 1st period - Deflect By Joffrey Lupul.
11:04 of 1st period - Shot Blocked by Justin Falk.
11:04 of 1st period - Puck is out of play.
11:05 of 1st period - Mikael Granlund wins face-off versus Luke Adam in Punishers zone.
11:09 of 1st period - Minor Penalty to Frazer Mclaren for Hooking.
11:10 of 1st period - Tanner Glass wins face-off versus Joffrey Lupul in Punishers zone.
11:24 of 1st period - Snap shot by Éric Perrin.
11:24 of 1st period - Stopped by Steve Mason without a rebound.
11:25 of 1st period - Tanner Glass wins face-off versus Andy Miele in Carnivores zone.
11:26 of 1st period - Snap shot by Éric Perrin.
11:26 of 1st period - Stopped by Steve Mason with a rebound.
11:34 of 1st period - Wrist shot by Andy Miele.
11:34 of 1st period - Stopped by Kevin Poulin with a rebound.
11:36 of 1st period - Slapshot by Bryan Berard.
11:36 of 1st period - Stopped by Kevin Poulin with a rebound.
11:38 of 1st period - Wrist shot by Andy Miele.
11:38 of 1st period - Shot Blocked by Keaton Ellerby.
11:40 of 1st period - Wrist shot by Andy Miele.
11:40 of 1st period - Stopped by Kevin Poulin with a rebound.
12:00 of 1st period - Snap shot by Ryan Keller.
12:00 of 1st period - Goal by Ryan Keller - Punishers : 0 - Carnivores : 2.
12:01 of 1st period - Éric Perrin wins face-off versus Brendan Gallagher in neutral zone.
12:06 of 1st period - Slapshot by Tanner Glass.
12:06 of 1st period - Stopped by Steve Mason with a rebound.
12:33 of 1st period - Snap shot by Ryan Keller.
12:33 of 1st period - Deflect By Justin Falk.
12:33 of 1st period - Stopped by Kevin Poulin without a rebound.
12:34 of 1st period - Andy Miele wins face-off versus Casey Cizikas in Punishers zone.
12:40 of 1st period - Minor Penalty to Erik Condra for Cross-checking.
12:41 of 1st period - Andy Miele wins face-off versus Tanner Glass in Punishers zone.
13:05 of 1st period - Minor Penalty to Éric Perrin for Hooking.
13:06 of 1st period - Andy Miele wins face-off versus Tanner Glass in Punishers zone.
14:40 of 1st period - Penalty to Erik Condra is over, Erik Condra is back on ice.
15:05 of 1st period - Penalty to Éric Perrin is over, Éric Perrin is back on ice.
15:25 of 1st period - Snap shot by Éric Perrin.
15:25 of 1st period - Shot Misses the Net.
15:27 of 1st period - Snap shot by Éric Perrin.
15:27 of 1st period - Deflect By Tanner Glass.
15:27 of 1st period - Stopped by Steve Mason with a rebound.
15:33 of 1st period - Wrist shot by Éric Perrin.
15:33 of 1st period - Stopped by Steve Mason without a rebound.
15:34 of 1st period - Casey Cizikas wins face-off versus Zack Smith in Carnivores zone.
16:28 of 1st period - Phil Oreskovic is hit by Simon Despres and loses puck.
16:39 of 1st period - Mikael Granlund is hit by Frazer Mclaren and loses puck.
17:05 of 1st period - Justin Falk is hit by Jeremy Welsh and loses puck.
17:18 of 1st period - Snap shot by Kris Chucko.
17:18 of 1st period - Stopped by Steve Mason without a rebound.
17:19 of 1st period - Andy Miele wins face-off versus Casey Cizikas in Carnivores zone.
18:07 of 1st period - Snap shot by Kris Chucko.
18:07 of 1st period - Stopped by Steve Mason without a rebound.
18:08 of 1st period - Mikael Granlund wins face-off versus Éric Perrin in Carnivores zone.
18:08 of 1st period - Mikael Granlund is hit by Tanner Glass.
18:42 of 1st period - Slapshot by Mike Blunden.
18:42 of 1st period - Shot Blocked by John Moore.
18:44 of 1st period - Slapshot by Mike Sauer.
18:44 of 1st period - Shot Blocked by John Moore.
19:00 of 1st period - Zack Smith is hit by Justin Falk and loses puck.
19:35 of 1st period - Wrist shot by Casey Cizikas.
19:35 of 1st period - Stopped by Steve Mason with a rebound.
19:47 of 1st period - Adam Pineault is hit by Joffrey Lupul and loses puck.
Goals for this period are 0 for Punishers vs 2 for Carnivores.
Shots for this period are 13 for Punishers vs 17 for Carnivores.
2nd period
0:01 of 2nd period - Andy Miele wins face-off versus Éric Perrin in neutral zone.
0:04 of 2nd period - Justin Falk is hit by Joffrey Lupul and loses puck.
0:15 of 2nd period - Slapshot by Andy Miele.
0:15 of 2nd period - Stopped by Kevin Poulin without a rebound.
0:16 of 2nd period - Casey Cizikas wins face-off versus Mikael Granlund in Punishers zone.
0:44 of 2nd period - Keaton Ellerby is hit by Anton Gustafsson and loses puck.
0:50 of 2nd period - Snap shot by Kris Chucko.
0:50 of 2nd period - Stopped by Steve Mason without a rebound.
0:51 of 2nd period - Andy Miele wins face-off versus Éric Perrin in Carnivores zone.
1:21 of 2nd period - Off-side.
1:22 of 2nd period - Luke Adam wins face-off versus Mikael Granlund in neutral zone.
1:27 of 2nd period - Slapshot by Justin Falk.
1:27 of 2nd period - Shot Blocked by John Moore.
1:37 of 2nd period - Slapshot by John Moore.
1:37 of 2nd period - Shot Blocked by Frazer Mclaren.
1:57 of 2nd period - Snap shot by Adam Pineault.
1:57 of 2nd period - Shot Misses the Net.
2:23 of 2nd period - Icing by John Moore.
2:24 of 2nd period - Jeremy Welsh wins face-off versus Petteri Nokelainen in Carnivores zone.
2:31 of 2nd period - Wrist shot by Joffrey Lupul.
2:31 of 2nd period - Goal by Joffrey Lupul - Punishers : 0 - Carnivores : 3.
2:32 of 2nd period - Andy Miele wins face-off versus Éric Perrin in neutral zone.
2:45 of 2nd period - Snap shot by Andy Miele.
2:45 of 2nd period - Stopped by Kevin Poulin with a rebound.
3:25 of 2nd period - Snap shot by Kris Chucko.
3:25 of 2nd period - Stopped by Steve Mason with a rebound.
4:07 of 2nd period - Simon Despres is hit by Bryan Berard and loses puck.
4:40 of 2nd period - Simon Despres is hit by Billy Sweat and loses puck.
4:49 of 2nd period - Wrist shot by Billy Sweat.
4:49 of 2nd period - Goal by Billy Sweat - Punishers : 0 - Carnivores : 4.
4:50 of 2nd period - Andy Miele wins face-off versus Casey Cizikas in neutral zone.
4:53 of 2nd period - Snap shot by Joffrey Lupul.
4:53 of 2nd period - Shot Misses the Net.
5:22 of 2nd period - Snap shot by Tanner Glass.
5:22 of 2nd period - Shot Misses the Net.
5:24 of 2nd period - Wrist shot by Tanner Glass.
5:24 of 2nd period - Stopped by Steve Mason without a rebound.
5:25 of 2nd period - Andy Miele wins face-off versus Éric Perrin in Carnivores zone.
5:25 of 2nd period - Bryan Berard is hit by Éric Perrin and loses puck.
6:21 of 2nd period - Icing by Mike Sauer.
6:22 of 2nd period - Luke Adam wins face-off versus Mikael Granlund in Punishers zone.
6:55 of 2nd period - Slapshot by Bobby Sanguinetti.
6:55 of 2nd period - Deflect By Chris Lawrence.
6:55 of 2nd period - Shot Misses the Net.
6:55 of 2nd period - Puck is out of play.
6:56 of 2nd period - Anton Gustafsson wins face-off versus Éric Perrin in Punishers zone.
7:05 of 2nd period - Snap shot by Chris Lawrence.
7:05 of 2nd period - Shot Misses the Net.
7:19 of 2nd period - Slapshot by Justin Falk.
7:19 of 2nd period - Shot Misses the Net.
7:55 of 2nd period - Slapshot by Bobby Sanguinetti.
7:55 of 2nd period - Shot Misses the Net.
8:05 of 2nd period - Wrist shot by Keaton Ellerby.
8:05 of 2nd period - Shot Misses the Net.
8:11 of 2nd period - Wrist shot by Erik Condra.
8:11 of 2nd period - Stopped by Steve Mason without a rebound.
8:12 of 2nd period - Mikael Granlund wins face-off versus Casey Cizikas in Carnivores zone.
8:12 of 2nd period - Bryan Berard is hit by Kris Chucko and loses puck.
8:17 of 2nd period - Wrist shot by Kris Chucko.
8:17 of 2nd period - Deflect By Casey Cizikas.
8:17 of 2nd period - Stopped by Steve Mason without a rebound.
8:18 of 2nd period - Casey Cizikas wins face-off versus Mikael Granlund in Carnivores zone.
9:12 of 2nd period - Snap shot by Anton Gustafsson.
9:12 of 2nd period - Shot Misses the Net.
9:20 of 2nd period - Minor Penalty to Chris Lawrence for Holding.
9:21 of 2nd period - Andy Miele wins face-off versus Éric Perrin in Carnivores zone.
11:00 of 2nd period - Slapshot by Jeremy Welsh.
11:00 of 2nd period - Shot Blocked by Matt Mackenzie.
11:20 of 2nd period - Penalty to Chris Lawrence is over, Chris Lawrence is back on ice.
11:26 of 2nd period - Keaton Ellerby is hit by Blake Geoffrion and loses puck.
11:33 of 2nd period - Slapshot by Keaton Ellerby.
11:33 of 2nd period - Stopped by Steve Mason with a rebound.
11:35 of 2nd period - Slapshot by Keaton Ellerby.
11:35 of 2nd period - Deflect By Frazer Mclaren.
11:35 of 2nd period - Shot Misses the Net.
11:35 of 2nd period - Puck is out of play.
11:36 of 2nd period - Anton Gustafsson wins face-off versus Luke Adam in Carnivores zone.
12:01 of 2nd period - Blake Geoffrion is hit by Erik Condra and loses puck.
12:30 of 2nd period - Minor Penalty to Radek Smolenak for Slashing.
12:31 of 2nd period - Andy Miele wins face-off versus Tanner Glass in Punishers zone.
13:16 of 2nd period - Phil Oreskovic is hit by Mike Sauer and loses puck.
14:30 of 2nd period - Penalty to Radek Smolenak is over, Radek Smolenak is back on ice.
14:50 of 2nd period - Adam Pineault is hit by Chris Lawrence and loses puck.
15:05 of 2nd period - Slapshot by Mike Sauer.
15:05 of 2nd period - Shot Blocked by Colton Orr.
15:25 of 2nd period - Snap shot by Erik Condra.
15:25 of 2nd period - Deflect By Kris Chucko.
15:25 of 2nd period - Shot Misses the Net.
15:25 of 2nd period - Puck is out of play.
15:26 of 2nd period - Casey Cizikas wins face-off versus Anton Gustafsson in Carnivores zone.
15:50 of 2nd period - Minor Penalty to Adam Pineault for Roughing.
15:51 of 2nd period - Tanner Glass wins face-off versus Andy Miele in Punishers zone.
16:17 of 2nd period - Tanner Glass is hit by Bryan Berard.
16:27 of 2nd period - Wrist shot by Ryan Keller.
16:27 of 2nd period - Stopped by Kevin Poulin without a rebound.
16:28 of 2nd period - Mikael Granlund wins face-off versus Kris Chucko in Punishers zone.
17:29 of 2nd period - Slapshot by Bobby Sanguinetti.
17:29 of 2nd period - Stopped by Kevin Poulin without a rebound.
17:30 of 2nd period - Tanner Glass wins face-off versus Mikael Granlund in Punishers zone.
17:50 of 2nd period - Penalty to Adam Pineault is over, Adam Pineault is back on ice.
18:01 of 2nd period - Minor Penalty to Luke Adam for Holding Stick.
18:02 of 2nd period - Joffrey Lupul wins face-off versus Tanner Glass in Punishers zone.
18:03 of 2nd period - Slapshot by Andy Miele.
18:03 of 2nd period - Stopped by Kevin Poulin with a rebound.
18:05 of 2nd period - Snap shot by Andy Miele.
18:05 of 2nd period - Shot Misses the Net.
18:27 of 2nd period - Adam Pineault is hit by Bryan Berard and loses puck.
19:04 of 2nd period - Justin Falk is hit by Bobby Sanguinetti.
19:22 of 2nd period - Joffrey Lupul is hit by Tanner Glass and loses puck.
Goals for this period are 0 for Punishers vs 2 for Carnivores.
Shots for this period are 6 for Punishers vs 7 for Carnivores.
3rd period
0:01 of 3rd period - Penalty to Luke Adam is over, Luke Adam is back on ice.
0:01 of 3rd period - Andy Miele wins face-off versus Luke Adam in neutral zone.
0:12 of 3rd period - Wrist shot by Tanner Glass.
0:12 of 3rd period - Stopped by Steve Mason without a rebound.
0:13 of 3rd period - Andy Miele wins face-off versus Éric Perrin in Carnivores zone.
0:28 of 3rd period - Snap shot by Éric Perrin.
0:28 of 3rd period - Stopped by Steve Mason without a rebound.
0:29 of 3rd period - Mikael Granlund wins face-off versus Casey Cizikas in Carnivores zone.
0:29 of 3rd period - Mikael Granlund is hit by Keaton Ellerby.
0:55 of 3rd period - Andy Miele is hit by Éric Perrin and loses puck.
1:23 of 3rd period - Minor Penalty to Mike Blunden for Hooking.
1:24 of 3rd period - Andy Miele wins face-off versus Tanner Glass in Punishers zone.
1:50 of 3rd period - Éric Perrin is hit by Ryan Keller and loses puck.
1:57 of 3rd period - Snap shot by Mikael Granlund.
1:57 of 3rd period - Stopped by Kevin Poulin with a rebound.
1:59 of 3rd period - Slapshot by Bobby Sanguinetti.
1:59 of 3rd period - Shot Misses the Net.
2:30 of 3rd period - Icing by Blake Geoffrion.
2:31 of 3rd period - Frazer Mclaren wins face-off versus Mikael Granlund in Carnivores zone.
2:32 of 3rd period - Slapshot by Mike Sauer.
2:32 of 3rd period - Deflect By Frazer Mclaren.
2:32 of 3rd period - Stopped by Steve Mason with a rebound.
3:23 of 3rd period - Penalty to Mike Blunden is over, Mike Blunden is back on ice.
3:32 of 3rd period - Mike Blunden is hit by Bobby Sanguinetti and loses puck.
3:43 of 3rd period - Wrist shot by Colton Orr.
3:43 of 3rd period - Shot Misses the Net.
3:58 of 3rd period - Icing by Chris Lawrence.
3:59 of 3rd period - Anton Gustafsson wins face-off versus Petteri Nokelainen in Carnivores zone.
4:03 of 3rd period - Icing by Jeremy Welsh.
4:04 of 3rd period - Luke Adam wins face-off versus Anton Gustafsson in Carnivores zone.
4:32 of 3rd period - Icing by Anton Gustafsson.
4:33 of 3rd period - Éric Perrin wins face-off versus Andy Miele in Carnivores zone.
4:40 of 3rd period - Snap shot by Tanner Glass.
4:40 of 3rd period - Stopped by Steve Mason without a rebound.
4:41 of 3rd period - Éric Perrin wins face-off versus Andy Miele in Carnivores zone.
5:09 of 3rd period - Minor Penalty to Mikael Granlund for High sticking.
5:10 of 3rd period - Éric Perrin wins face-off versus Andy Miele in Carnivores zone.
5:23 of 3rd period - Off-side.
5:24 of 3rd period - Éric Perrin wins face-off versus Andy Miele in neutral zone.
5:29 of 3rd period - Snap shot by Andy Miele.
5:29 of 3rd period - Goal by Andy Miele - Punishers : 0 - Carnivores : 5.
5:30 of 3rd period - Andy Miele wins face-off versus Éric Perrin in neutral zone.
6:18 of 3rd period - Icing by Mike Sauer.
6:19 of 3rd period - Éric Perrin wins face-off versus Andy Miele in Punishers zone.
6:42 of 3rd period - Erik Condra is hit by Phil Oreskovic and loses puck.
7:09 of 3rd period - Penalty to Mikael Granlund is over, Mikael Granlund is back on ice.
7:27 of 3rd period - Wrist shot by Luke Adam.
7:27 of 3rd period - Stopped by Steve Mason with a rebound.
8:04 of 3rd period - Wrist shot by Petteri Nokelainen.
8:04 of 3rd period - Shot Blocked by Phil Oreskovic.
8:06 of 3rd period - Slapshot by Tanner Glass.
8:06 of 3rd period - Stopped by Steve Mason with a rebound.
8:08 of 3rd period - Slapshot by Simon Despres.
8:08 of 3rd period - Deflect By Andy Miele.
8:08 of 3rd period - Stopped by Steve Mason without a rebound.
8:09 of 3rd period - Mikael Granlund wins face-off versus Petteri Nokelainen in Carnivores zone.
8:53 of 3rd period - Phil Oreskovic is hit by Erik Condra and loses puck.
8:58 of 3rd period - Wrist shot by Erik Condra.
8:58 of 3rd period - Shot Blocked by Phil Oreskovic.
9:07 of 3rd period - Off-side.
9:08 of 3rd period - Anton Gustafsson wins face-off versus Éric Perrin in neutral zone.
10:00 of 3rd period - Snap shot by Ryan Keller.
10:00 of 3rd period - Stopped by Kevin Poulin with a rebound.
10:02 of 3rd period - Snap shot by John Moore.
10:02 of 3rd period - Shot Blocked by Justin Falk.
10:23 of 3rd period - Icing by Éric Perrin.
10:24 of 3rd period - Éric Perrin wins face-off versus Brendan Gallagher in Punishers zone.
10:33 of 3rd period - Snap shot by Éric Perrin.
10:33 of 3rd period - Deflect By Adam Pineault.
10:33 of 3rd period - Stopped by Steve Mason with a rebound.
10:35 of 3rd period - Slapshot by Justin Falk.
10:35 of 3rd period - Deflect By Andy Miele.
10:35 of 3rd period - Stopped by Steve Mason with a rebound.
10:39 of 3rd period - Snap shot by Adam Pineault.
10:39 of 3rd period - Goal by Adam Pineault - Punishers : 1 - Carnivores : 5.
10:40 of 3rd period - Éric Perrin wins face-off versus Andy Miele in neutral zone.
10:51 of 3rd period - Wrist shot by Éric Perrin.
10:51 of 3rd period - Goal by Éric Perrin - Punishers : 2 - Carnivores : 5.
10:52 of 3rd period - Éric Perrin wins face-off versus Andy Miele in neutral zone.
11:41 of 3rd period - Wrist shot by Tanner Glass.
11:41 of 3rd period - Stopped by Steve Mason without a rebound.
11:42 of 3rd period - Andy Miele wins face-off versus Kris Chucko in Carnivores zone.
11:42 of 3rd period - Andy Miele is hit by Erik Condra.
12:12 of 3rd period - Wrist shot by Simon Despres.
12:12 of 3rd period - Shot Blocked by John Moore.
12:50 of 3rd period - Slapshot by Zack Smith.
12:50 of 3rd period - Stopped by Kevin Poulin without a rebound.
12:51 of 3rd period - Luke Adam wins face-off versus Andy Miele in Punishers zone.
13:18 of 3rd period - Justin Falk is hit by Blake Geoffrion and loses puck.
14:09 of 3rd period - Slapshot by Phil Oreskovic.
14:09 of 3rd period - Stopped by Kevin Poulin without a rebound.
14:10 of 3rd period - Andy Miele wins face-off versus Petteri Nokelainen in Punishers zone.
15:20 of 3rd period - Wrist shot by Andy Miele.
15:20 of 3rd period - Stopped by Kevin Poulin with a rebound.
15:38 of 3rd period - Slapshot by Keaton Ellerby.
15:38 of 3rd period - Shot Hit the Post.
16:18 of 3rd period - Snap shot by Chris Lawrence.
16:18 of 3rd period - Goal by Chris Lawrence - Punishers : 2 - Carnivores : 6.
16:19 of 3rd period - Andy Miele wins face-off versus Casey Cizikas in neutral zone.
16:19 of 3rd period - Andy Miele is hit by Kris Chucko.
17:27 of 3rd period - Wrist shot by Mike Blunden.
17:27 of 3rd period - Shot Blocked by Bobby Sanguinetti.
17:29 of 3rd period - Slapshot by Keaton Ellerby.
17:29 of 3rd period - Shot Misses the Net.
17:31 of 3rd period - Slapshot by Justin Falk.
17:31 of 3rd period - Deflect By Ryan Keller.
17:31 of 3rd period - Stopped by Steve Mason without a rebound.
17:32 of 3rd period - Andy Miele wins face-off versus Éric Perrin in Carnivores zone.
17:48 of 3rd period - Andy Miele and Simon Despres fight to a draw.
17:48 of 3rd period - Penalty to Andy Miele for Fighting.
17:48 of 3rd period - Penalty to Simon Despres for Fighting.
17:49 of 3rd period - Jeremy Welsh wins face-off versus Éric Perrin in Carnivores zone.
18:30 of 3rd period - Icing by Keaton Ellerby.
18:31 of 3rd period - Jeremy Welsh wins face-off versus Casey Cizikas in Punishers zone.
19:14 of 3rd period - Slapshot by Tanner Glass.
19:14 of 3rd period - Stopped by Steve Mason with a rebound.
19:16 of 3rd period - Slapshot by Justin Falk.
19:16 of 3rd period - Deflect By Tanner Glass.
19:16 of 3rd period - Shot Blocked by Phil Oreskovic.
19:16 of 3rd period - Puck is out of play.
19:17 of 3rd period - Tanner Glass wins face-off versus Zack Smith in Carnivores zone.
19:32 of 3rd period - Slapshot by Adam Pineault.
19:32 of 3rd period - Deflect By Éric Perrin.
19:32 of 3rd period - Shot Misses the Net.
19:32 of 3rd period - Puck is out of play.
19:33 of 3rd period - Éric Perrin wins face-off versus Jeremy Welsh in Carnivores zone.
19:40 of 3rd period - Wrist shot by Tanner Glass.
19:40 of 3rd period - Shot Misses the Net.
19:42 of 3rd period - Slapshot by Keaton Ellerby.
19:42 of 3rd period - Stopped by Steve Mason without a rebound.
19:43 of 3rd period - Éric Perrin wins face-off versus Jeremy Welsh in Carnivores zone.
19:48 of 3rd period - Slapshot by Éric Perrin.
19:48 of 3rd period - Shot Misses the Net.
Goals for this period are 2 for Punishers vs 2 for Carnivores.
Shots for this period are 15 for Punishers vs 7 for Carnivores.
Back to the Top